AoeStats
← 88888

Arena

510076145Analyzed
4v4 RM · 2d ago on Sep 29, 2026· 51m 56s· 8 players
Game mode
Random Map
Map size
Large (8 player)
Population
200
Speed
Normal
Resources
Standard
Victory
Conquest
Starting age
Dark Age
Ending age
Imperial Age
RankedLock teamsTeams togetherTeam positionsShared explorationLock speedFull tech treeHidden civsTurbo modeCheats
Victory
Defeat
🇹🇼 Persians · Taiwan
1048
+12
🇨🇳 Persians · China
1042
+12
🇨🇳 Khmer · China
964
+15
🇧🇷 Slavs · Brazil
830
+22
🇩🇪 Khmer · Germany
1059
-20
941
-15
🇪🇪 Franks · Estonia
910
-13
🇦🇷 Franks · Argentina
902
-13
Achileus
8:11 Loom
11:21 Feudal Age
14:28 Castle Age
13:07 Double-Bit Axe
14:23 Horse Collar
15:28 Wheelbarrow
15:46 Wheelbarrow
15:11 Loom
16:09 Wheelbarrow
18:57 Bow Saw
19:46 Heavy Plow
27:54 Gold Mining
28:24 Hand Cart
32:02 Imperial Age
31:55 Husbandry
32:06 Bloodlines
33:23 Gold Shaft Mining
32:56 Scale Barding Armor
33:02 Forging
32:16 Light Cavalry
32:17 Elite Battle Elephant
34:48 Chain Barding Armor
35:04 Iron Casting
33:51 Hussar
36:17 Plate Barding Armor
35:05 Heavy Scorpion
37:48 Double Crossbow
39:07 Blast Furnace
38:08 Padded Archer Armor
41:37 Ballistics
42:19 Chemistry
41:45 Leather Archer Armor
Person of non-colour (He/ Him)
0:38 Loom
13:06 Feudal Age
13:40 Horse Collar
13:52 Double-Bit Axe
19:28 Castle Age
18:26 Stone Mining
18:29 Gold Mining
20:53 Bow Saw
24:30 Wheelbarrow
27:49 Imperial Age
27:24 Town Watch
27:16 Pikeman
28:08 Forging
27:58 Scale Mail Armor
28:49 Squires
31:04 Iron Casting
30:45 Chain Mail Armor
32:55 Chemistry
37:34 Halberdier
39:59 Heavy Plow
42:34 Plate Mail Armor
43:11 Hand Cart
42:41 Elite Skirmisher
43:13 Fletching
43:25 Padded Archer Armor
45:14 Blast Furnace
47:48 Conscription
48:58 Capped Ram
50:10 Bodkin Arrow
50:31 Leather Archer Armor
rondelok
11:28 Feudal Age
15:19 Castle Age
13:27 Double-Bit Axe
14:37 Gold Mining
16:41 Bow Saw
17:30 Wheelbarrow
25:41 Hand Cart
26:50 Forging
28:16 Iron Casting
27:47 Scale Barding Armor
28:42 Fletching
30:19 Husbandry
31:10 Chain Barding Armor
34:11 Imperial Age
32:00 Loom
32:01 Town Watch
32:32 Fortified Wall
32:17 Stone Mining
33:14 Bodkin Arrow
34:27 Masonry
34:21 Padded Archer Armor
35:30 Cavalier
37:08 Pikeman
37:49 Squires
37:34 Arson
38:35 Plate Barding Armor
39:00 Blast Furnace
38:02 Scale Mail Armor
38:34 Halberdier
42:08 Chain Mail Armor
42:26 Conscription
42:41 Ballistics
42:07 Arrowslits
白馬义从
0:46 Loom
10:38 Feudal Age
12:51 Double-Bit Axe
18:35 Castle Age
16:42 Stone Mining
17:27 Gold Mining
20:21 Bow Saw
21:32 Scale Barding Armor
21:33 Town Watch
24:12 Fletching
25:24 Gold Shaft Mining
27:37 Wheelbarrow
28:32 Treadmill Crane
32:52 Imperial Age
30:21 Pikeman
31:37 Scale Mail Armor
31:31 Gambesons
34:17 Forging
34:19 Squires
34:24 Heavy Scorpion
35:36 Cavalier
37:04 Fortified Wall
37:04 Masonry
37:56 Chemistry
Bredark
0:42 Loom
11:11 Feudal Age
20:54 Castle Age
18:38 Horse Collar
19:38 Double-Bit Axe
20:09 Forging
20:31 Stone Mining
20:36 Gold Mining
21:13 Bloodlines
21:30 Scale Mail Armor
22:52 Squires
23:06 Pikeman
25:57 Fletching
27:50 Chain Mail Armor
27:44 Scale Barding Armor
28:27 Detinets
29:17 Wheelbarrow
30:06 Iron Casting
29:57 Bodkin Arrow
30:52 Chain Barding Armor
41:13 Ballistics
41:04 Fortified Wall
43:45 Murder Holes
44:02 Fortified Wall
48:56 Imperial Age
46:44 Hand Cart
46:17 Town Watch
46:47 Masonry
47:09 Man-at-Arms
47:57 Long Swordsman
51:27 Imperial Age
88888
11:00 Feudal Age
16:12 Castle Age
14:05 Double-Bit Axe
14:14 Loom
14:25 Horse Collar
21:30 Wheelbarrow
23:06 Bow Saw
25:42 Heavy Plow
25:35 Stone Mining
25:41 Gold Mining
26:33 Hand Cart
30:48 Imperial Age
28:43 Forging
28:38 Scale Barding Armor
28:46 Scale Barding Armor
28:44 Caravan
29:02 Fletching
30:05 Gold Shaft Mining
30:07 Stone Shaft Mining
30:12 Iron Casting
30:34 Husbandry
30:45 Bloodlines
31:04 Chain Barding Armor
31:17 Bodkin Arrow
32:03 Conscription
32:39 Crop Rotation
33:12 Two-Man Saw
32:27 Murder Holes
32:53 Ballistics
33:33 Chemistry
32:45 Masonry
32:30 Elite War Elephant
34:02 Plate Barding Armor
34:39 Blast Furnace
37:44 Devotion
39:17 Bodkin Arrow
41:14 Town Watch
42:45 Town Patrol
帝国斜阳
3:19 Loom
12:19 Feudal Age
16:30 Castle Age
14:35 Double-Bit Axe
14:30 Horse Collar
14:56 Stone Mining
19:48 Bow Saw
19:39 Heavy Plow
25:43 Gold Mining
27:29 Stone Shaft Mining
27:30 Gold Shaft Mining
28:04 Town Watch
28:54 Wheelbarrow
32:07 Imperial Age
30:19 Hand Cart
30:21 Heavy Plow
30:04 Pikeman
33:25 Crop Rotation
32:17 Capped Ram
33:37 Conscription
32:40 Halberdier
33:50 Siege Ram
35:13 Elite Ballista Elephant
36:01 Fletching
36:11 Padded Archer Armor
36:57 Bodkin Arrow
37:03 Scale Mail Armor
38:48 Leather Archer Armor
38:33 Bracer
39:37 Chemistry
40:35 Caravan
41:37 Ballistics
41:49 Ring Archer Armor
41:35 Chain Mail Armor
43:34 Double Crossbow
43:58 Forging
47:58 Iron Casting
53:30 Blast Furnace
fly
0:28 Loom
11:52 Feudal Age
16:33 Castle Age
14:29 Horse Collar
15:03 Double-Bit Axe
24:15 Bow Saw
24:20 Heavy Plow
26:23 Wheelbarrow
32:05 Imperial Age
31:15 Scale Barding Armor
31:20 Forging
31:15 Kamandaran
31:34 Fletching
32:05 Cavalier
33:26 Iron Casting
33:15 Chain Barding Armor
33:44 Crop Rotation
34:17 Two-Man Saw
33:41 Bloodlines
32:54 Heavy Camel Rider
33:35 Husbandry
33:28 Savar
36:28 Plate Barding Armor
36:58 Blast Furnace
35:54 Bodkin Arrow
35:26 Crossbowman
36:28 Conscription
37:27 Ballistics
37:04 Light Cavalry
39:02 Hussar
40:53 Thumb Ring
40:53 Padded Archer Armor
45:55 Caravan
47:55 Leather Archer Armor
52:28 Ring Archer Armor
53:04 Chemistry
52:23 Hand Cart
51:54 Town Watch
Connection lost

Rejoining the realm…

Still unreachable

The connection could not be restored.

Session expired

The server has moved on; the page needs a fresh start.